 Dungeon Crawl Stone Soup version 0.27.1-2-g3b301248ec (webtiles) character file.

Game seed: 969498309580534007

121 H0rd4k the Insei (level 5, -5/33 HPs)
             Began as an Octopode Transmuter on Sept 23, 2021.
             Killed from afar by Ijyb (10 damage)
             ... with a puff of flame
             ... on level 3 of the Dungeon.
             The game lasted 00:02:38 (3079 turns).

H0rd4k the Insei (Octopode Transmuter)              Turns: 3079, Time: 00:02:39

Health: -5/33      AC:  1    Str:  9    XL:     5   Next: 5%
Magic:  4/8        EV: 13    Int: 17    God:
Gold:   128        SH:  0    Dex: 12    Spells: 4/8 levels left

rFire    . . .     SeeInvis .     - Unarmed
rCold    . . .     Faith    .   (no shield)
rNeg     . . .     Spirit   .   (helmet restricted)
rPois    .         Reflect  .   (no amulet)
rElec    .         Harm     .   (no ring)
rCorr    .         Rampage  .   (no ring)
Will     .....                  (no ring)
Stlth    +++.......             (no ring)
HPRegen  0.11/turn              (no ring)
MPRegen  0.11/turn              (no ring)
                                (no ring)
                                (no ring)

@: no status effects
A: almost no armour, amphibious, 8 rings, camouflage 1, gelatinous body 1,
(nimble swimmer 1), tentacles
a: no special abilities


You were on level 3 of the Dungeon.
You visited 1 branch of the dungeon, and saw 3 of its levels.

You collected 128 gold pieces.

Inventory:

Magical Staves
 f - a staff of poison
Scrolls
 b - 3 scrolls of teleportation {unknown}
 d - a scroll of amnesia {unknown}
 g - a scroll of holy word {unknown}
 i - 2 scrolls of identify {unknown}
 k - a scroll of immolation {unknown}
Potions
 a - a potion of ambrosia {unknown}
 c - a potion of attraction {unknown}
 e - 3 potions of cancellation {unknown}
 h - 2 potions of lignification {unknown}
 j - 2 potions of heal wounds {unknown}
 l - a potion of flight {unknown}


   Skills:
 + Level 1.1 Fighting
 + Level 2.4 Dodging
 + Level 3.2 Stealth
 + Level 4.4 Unarmed Combat
 + Level 2.2 Spellcasting
 + Level 2.1 Transmutations


You had 4 spell levels left.
You knew the following spells:

 Your Spells              Type           Power      Damage    Failure   Level
a - Beastly Appendage     Tmut           18%        N/A       8%          1
b - Spider Form           Tmut/Pois      2%         N/A       36%         3

Your spell library contained the following spells:

 Spells                   Type           Power      Damage    Failure   Level
 Wereblood                Tmut           9%         N/A       12%         2
 Static Discharge         Conj/Air       1%         N/A       28%         2
 Ice Form                 Ice/Tmut       5%         N/A       77%         4
 Lightning Bolt           Conj/Air       0%         1d11      99%         5
 Maxwell's Capacitive Co  Air            0%         ∞         100%        8


Dungeon Overview and Level Annotations

Branches:
Dungeon (3/15)

Altars:
Sif Muna

Shops:
D:1 *

Annotations:
D:3 Ijyb


Innate Abilities, Weirdness & Mutations

You cannot wear most types of armour.
You are amphibious.
You can wear up to eight rings at the same time.
Your skin changes colour to match your surroundings (Stealth+).
Your rubbery body absorbs attacks. (AC +1, EV +1)
((You are camouflaged near water. (Stealth+)))
You have tentacles for arms and can constrict up to eight enemies at once.


Message History

The ball python constricts you.
Casting: Spider Form (quite dangerous; 36% risk of failure)
Confirm with . or Enter, or press ? or * to list all spells.
The spell is quite dangerous to cast (36% risk of failure)!
Continue anyway?
You turn into a venomous arachnid creature.
The ball python misses you. The ball python constricts you.
You hit the ball python.
The ball python is poisoned.
The ball python is moderately wounded.
You kill the ball python!
Ijyb zaps a wand.
The puff of flame hits you!
Your transformation is almost over.
Ijyb hits you with a +0 club.
You hit Ijyb but do no damage. Ijyb completely misses you.
You hit Ijyb but do no damage.
Ijyb is poisoned.
Ijyb hits you with a +0 club.
You barely miss Ijyb.
Ijyb is lightly wounded.
Ijyb misses you.
You barely miss Ijyb.
Ijyb is lightly wounded.
Ijyb barely misses you.
You hit Ijyb but do no damage.
Ijyb looks as sick as possible!
Ijyb is lightly wounded.
Ijyb closely misses you.
You hit Ijyb.
Ijyb looks as sick as possible!
Ijyb is moderately wounded.
Ijyb hits you with a +0 club.
You hit Ijyb but do no damage.
Ijyb looks as sick as possible!
Ijyb is moderately wounded.
Ijyb zaps a wand.
The puff of flame hits you.
* * * LOW HITPOINT WARNING * * *
You barely miss Ijyb.
Ijyb is heavily wounded.
Ijyb hits you with a +0 club.
* * * LOW HITPOINT WARNING * * *
You hit Ijyb.
Ijyb looks as sick as possible!
Ijyb is heavily wounded.
Ijyb misses you.
Your transformation has ended.
Ijyb zaps a wand.
The puff of flame hits you!
You die...

######### #.......#
############## #.......#
#....)..g..... #.......#
#.######.##### #.......# #.#
#.#.... #.......# #.#
#.#.### #.......#######.####
#.# #.. #.......'..@.g.....#
#.#....
#.......#######.##.###.#....
####+#...............#......
#.#.####..##.##.#.###.###
#.....##..##÷##.#.#....#
###.#†##..##>..........#.
#.#.##..##.##.#..#...#.
#.#.....##.##..†.....#
#.......##.####....#<#


You could see Ijyb (extremely poisoned).

Vanquished Creatures
  Natasha (D:3)
  5 adders
  An orc (D:3)
  7 endoplasms (D:1)
  3 giant cockroaches
  5 goblins (D:2)
  3 hobgoblins (D:2)
  4 jackals (D:2)
  A quokka (D:1)
  4 ball pythons
  2 bats
  2 frilled lizards (D:2)
  4 kobolds
  7 rats
49 creatures vanquished.

Notes
Turn   | Place    | Note
-------+----------+-------------------------------------------
     0 | D:1      | H0rd4k the Octopode Transmuter began the quest for the Orb.
     0 | D:1      | Reached XP level 1. HP: 13/13 MP: 3/3
   301 | D:1      | Reached XP level 2. HP: 13/18 MP: 5/5
   926 | D:1      | Found Mithom's Assorted Antiques.
  1398 | D:2      | Found a shimmering blue altar of Sif Muna.
  1407 | D:2      | Reached skill level 1 in Stealth
  1407 | D:2      | Reached XP level 3. HP: 15/23 MP: 6/6
  1411 | D:2      | Learned a level 3 spell: Spider Form
  2106 | D:2      | Reached skill level 4 in Unarmed Combat
  2106 | D:2      | Reached XP level 4. HP: 14/28 MP: 7/7
  2703 | D:3      | Noticed Natasha
  2744 | D:3      | Killed Natasha
  2954 | D:3      | Reached XP level 5. HP: 33/33 MP: 4/8
  3029 | D:3      | Noticed Ijyb
  3079 | D:3      | Killed from afar by Ijyb

Illustrated notes

Levels and vault maps discovered:
D:1:      lemuel_arrival_behind_the_door_large, layout_loops_cross,
          serial_shops, nicolae_shop_behind_doors, kennysheep_decorative_pillar
D:2:      layout_basic, basic_altar
D:3:      layout_basic, nicolae_uskayaw_dance_hall, uniq_ijyb, uniq_natasha

Skill      XL: |  1  2  3  4 |
---------------+-------------+-----
Stealth        | 1 3 |  3.2
Unarmed Combat | 4 |  4.4
Fighting       | |  1.1
Dodging        | |  2.4
Spellcasting   | |  2.2
Transmutations | |  2.1

Action                   |  1- 3 |  4- 6 || total
-------------------------+-------+-------++-------
Melee: Unarmed           |    79 |    41 ||   120
       Tentacles         |    15 |     2 ||    17
       Constrict         |    17 |     4 ||    21
       Punch             |     1 |       ||     1
       Kick              |     3 |     3 ||     6
 Cast: Beastly Appendage |     1 |       ||     1
       Spider Form       |       |     4 ||     4
 Stab: Sleeping          |     9 |     2 ||    11
Armor: Skin              |     7 |     1 ||     8
Dodge: Dodged            |    30 |    26 ||    56
